Unix NetHack Version 3.7.0-102 Work-in-progress - last build Apr 6 2024 13:22:21 (d302a6a9ff6341f1a922d8f5af178406b35fdf99,branch:master). Game began 2024-05-01 08:35:37, ended 2024-05-01 20:56:33. Raisse, lawful female dwarven Archeologist --#- -- -- ###- |..# -.----- . -- #..#- |..| .....| .----- |. #l.. --.-- ....- -.|..-- |. --#h## |..| ....- ----.....--- |.---...# |..| -.... --........>.| ----...|...| ----- --..| --.... |.....---...---.|..-.....-- |..........| ---..... --....- --...............G0 |. ----.| |.......-- --.--..- -...........f.....- -- |.| --........----..|--........--.(..ha.....- |.| |..............-- ----.|...|--........|..- |.| | --..--....#--- |.----- ------...|- .. |.----- |.----...#- | -.-- |.....| --.........- -- -----.---...----.....| |.....)-- ---...| |..*..-- |..-- |.....- ---- |....... ---.|.-- ----- Raisse the Field Worker St:16 Dx:7 Co:14 In:15 Wi:16 Ch:7 Lawful Dlvl:6 $:60 HP:0(26) Pw:8(8) AC:5 Xp:3/63 T:2796 Burdened Latest messages: You stop. The gnome can't move out of that trap. You stop. The gnome can't move out of that trap. Miezekatze drops a worthless piece of yellowish brown glass. In what direction? u You try to reach out your arms, but the gnome backs away skeptically. In what direction? u You reach out your arms and grab the gnome. You pull the gnome out of the pit. Miezekatze bites the gnome. You hear crashing rock. You swap places with Miezekatze. Miezekatze bites the gnome. The gnome is killed! You start digging. You hit the rock with all your might. You make an opening in the wall. You swap places with Miezekatze. You miss the gecko. The gecko bites! You miss the gecko. The gecko bites! You kill the gecko! You have a little trouble lifting L - a white potion. Your movements are slowed slightly because of your load. The giant ant bites! The giant ant strikes at your displaced image and misses you! Miezekatze bites the gnome. The gnome misses Miezekatze. The giant ant strikes at your displaced image and misses you! The giant ant bites! The giant ant bites! The giant ant bites! The giant ant bites! You miss the giant ant. The giant ant bites! Miezekatze misses the giant ant. The giant ant bites! You miss the giant ant. The giant ant bites! Miezekatze misses the giant ant. You hit the giant ant. The giant ant bites! Miezekatze misses the giant ant. The giant ant bites! You die... Do you want your possessions identified? [ynq] (y) y Do you want to see your attributes? [ynq] (y) y Do you want an account of creatures vanquished? [ynaq] (y) y Do you want to see your conduct and achievements? [ynq] (y) y Do you want to see the dungeon overview? [ynq] (y) y Inventory: Coins $ - 60 gold pieces Weapons a - an uncursed +2 bullwhip f - an uncursed +0 orcish dagger Armor b - an uncursed +0 fedora g - a blessed +0 orcish helm v - an uncursed +0 leather jacket A - an uncursed +0 studded leather armor (being worn) C - an uncursed +0 cloak of displacement (being worn) H - an uncursed +0 orcish helm (being worn) Comestibles e - 2 uncursed food rations h - 3 uncursed lichen corpses w - a cursed rotten tin of newt meat E - an uncursed partly eaten food ration Scrolls j - an uncursed scroll of confuse monster o - an uncursed scroll of enchant armor Potions z - an uncursed potion of speed I - an uncursed potion of gain level L - a cursed potion of healing Rings k - an uncursed ring of conflict G - a cursed ring of stealth Tools d - an uncursed +0 pick-axe (weapon in left hand) i - an uncursed oil lamp l - an uncursed tinning kit (0:64) p - an uncursed stethoscope r - a cursed tin whistle u - a cursed tin whistle x - an uncursed sack containing 1 item Gems/Stones t - an uncursed touchstone Contents of the sack: 2559 gold pieces Raisse the Archeologist's attributes: Background: You were a Field Worker, a level 3 female dwarven Archeologist. You were lawful, nominally on a mission for Quetzalcoatl who was opposed by Camaxtli (neutral) and Huhetotl (chaotic). You were left-handed. You were in the Gnomish Mines, on level 6. You entered the dungeon 2796 turns ago. You had 63 experience points, 17 more were needed to attain level 4. Basics: You had 0 out of 26 hit points. You had all 8 energy points (spell power). Your armor class was 5. Your wallet contained 60 zorkmids, and you had 2559 more stashed away in your pack. Autopickup was on for '$!?/"=+' plus thrown, with exceptions. Final Characteristics: Your strength was 16 (limit:18/100). Your dexterity was 7 (limit:20). Your constitution was 14 (limit:20). Your intelligence was 15 (limit:16). Your wisdom was 16 (limit:16). Your charisma was 7 (limit:16). Final Status: You weren't hungry. You were burdened; movement was slightly slowed. You were wielding a pick-axe. You had basic skill with pick-axe. Final Attributes: You were piously aligned. You had automatic searching. You had infravision. You were displaced. You were warded. You are dead. Miscellaneous: You never encountered a bones level. Total elapsed playing time was 20 minutes and 13 seconds. Major events: Turn 1: Raisse the lawful female dwarven Archeologist entered the dungeon 2307: attained the rank of Field Worker (level 3) 2504: entered the Gnomish Mines 2796: killed by a giant ant Vanquished creatures: a gnome leader a floating eye an acid blob a gas spore a giant rat a green mold 3 gnomes 8 geckos 9 jackals a fox a kobold 3 goblins 8 grid bugs 3 lichens a kobold zombie 4 newts 47 creatures vanquished. No species were genocided or became extinct. Voluntary challenges: You were an atheist. You read items or engraved 1 time. You engraved Elbereth 1 time. You never genocided any monsters. You never polymorphed an object. You never changed form. You used no wishes. Achievements: You entered a shop. You attained the rank of Field Worker. You entered the Gnomish Mines. The Dungeons of Doom: levels 1 to 5 Level 1: Level 2: A sink. Level 3: A fountain. Level 4: A fountain. Stairs down to The Gnomish Mines. Level 5: The Gnomish Mines: levels 5 to 6 Level 5: Level 6: <- You were here. Final resting place for you, killed by a giant ant. Game over: ---------- / \ / REST \ / IN \ / PEACE \ / \ | Raisse | | 2619 Au | | killed by a | | giant ant | | | | | | 2024 | *| * * * | * _________)/\\_//(\/(/\)/\//\/|_)_______ Goodbye Raisse the Archeologist... You died in The Gnomish Mines on dungeon level 6 with 2860 points, and 2619 pieces of gold, after 2796 moves. You were level 3 with a maximum of 26 hit points when you died.